 Dungeon Crawl Stone Soup version 0.19.1 (webtiles) character file.

625 nikopol the Skirmisher (level 7, -5/66 HPs)
             Began as a Gargoyle Berserker on Dec 18, 2016.
             Was a Priest of Trog.
             Slain by TotoDurand's ghost (6 damage)
             ... on level 4 of the Dungeon.
             The game lasted 00:08:06 (3078 turns).

nikopol the Skirmisher (Gargoyle Berserker)         Turns: 3078, Time: 00:08:06

Health: -5/66      AC: 15    Str: 26    XL:     7   Next: 47%
Magic:  7/7        EV: 12    Int:  7    God:    Trog [***...]
Gold:   150        SH:  0    Dex: 11    Spells: 0 memorised, 6 levels left

rFire  . . .     SeeInvis .     a - +0 hand axe
rCold  . . .     Gourm    .     g - +0 ring mail (curse)
rNeg   + . .     Faith    .     (no shield)
rPois  ∞         Spirit   .     (no helmet)
rElec  +         Reflect  .     y - +2 cloak {MR+}
rCorr  .         Harm     .     (no gloves)
MR     +....                    A - +0 pair of boots
Stlth  ..........               (no amulet)
                                (no ring)
                                (no ring)

@: berserking (expiring), very quick
A: negative energy resistance 1, electricity resistance, unbreathing,
petrification resistance, rot immunity, AC +4
a: Berserk, Trog's Hand, Burn Spellbooks, Renounce Religion


You were on level 4 of the Dungeon.
You worshipped Trog.
Trog was most pleased with you.
You were hungry.

You visited 1 branch of the dungeon, and saw 4 of its levels.

You collected 150 gold pieces.

Inventory:

Hand Weapons
 a - a +0 hand axe (weapon)
Missiles
 d - 58 arrows (quivered)
Armour
 b - a +0 animal skin
 e - a +0 leather armour
 g - a cursed +0 ring mail (worn)
 x - a +0 scale mail
 y - a +2 cloak of magic resistance (worn)
 A - a +0 pair of boots (worn)
Wands
 v - a wand of acid (8/15)
 w - a wand of flame (29/48)
Scrolls
 f - a scroll of amnesia {unknown}
 h - 4 scrolls of identify {unknown}
 k - 3 scrolls of remove curse {unknown}
 o - a scroll of fear {unknown}
 q - 3 scrolls of teleportation {unknown}
 s - 2 scrolls of noise {unknown}
Potions
 j - 2 potions of flight {unknown}
 n - 3 potions of curing {unknown}
 p - a potion of lignification {unknown}
 t - a potion of invisibility {unknown}
 u - a potion of cure mutation {unknown}
 z - a potion of mutation {unknown}
 B - a potion of heal wounds {unknown}
 D - a potion of agility {unknown}
Comestibles
 c - 5 bread rations
 i - a slice of pizza
 l - 3 fruits
 m - a beef jerky
 r - 2 meat rations
 C - a chunk of flesh


   Skills:
 + Level 5.3 Fighting
 + Level 4.4 Axes
 + Level 5.0 Armour
 + Level 3.4 Dodging


You had 6 spell levels left.
You didn't know any spells.

Dungeon Overview and Level Annotations

Branches:
Dungeon (4/15)
 Temple: D:4-7

Altars:
Yredelemnul
The Shining One

Shops:
D:4 !

Annotations:
D:4 TotoDurand's ghost, novice TrCK


Innate Abilities, Weirdness & Mutations

You are resistant to torment.
Your stone body is resilient. (AC +4)
You are immune to poison.
You resist negative energy. (rN+)
You are resistant to electric shocks. (rElec)
You can survive without breathing.
You are immune to petrification.
You are immune to rotting.


Message History

You hit TotoDurand's ghost.
TotoDurand's ghost is moderately damaged.
TotoDurand's ghost hits you but does no damage.
You hit TotoDurand's ghost.
TotoDurand's ghost is heavily damaged.
TotoDurand's ghost hits you!
You hit TotoDurand's ghost.
TotoDurand's ghost is heavily damaged.
TotoDurand's ghost hits you!
* * * LOW HITPOINT WARNING * * *
You barely miss TotoDurand's ghost.
TotoDurand's ghost is heavily damaged.
You closely miss TotoDurand's ghost.
TotoDurand's ghost is heavily damaged.
TotoDurand's ghost hits you!
* * * LOW HITPOINT WARNING * * *
You closely miss TotoDurand's ghost.
TotoDurand's ghost is heavily damaged.
TotoDurand's ghost hits you.
You die...

#### ## ##
#... . . .
###... .#.
.. #.....
... ...
#..÷.. #.#
$... #.....
#.##.....
##....
#.W......
#....
##########@#
#.#.#
#..........#
#.#.#
#.####8#####
....#
#...##.#
.....#
#.#.8.∩.8.
##...##
#.####.##.
#.# #8#
#.####.###
#........#


You could see TotoDurand's ghost.

Vanquished Creatures
  Sigmund (D:2)
  The ghost of Pasabolo the Skirmisher, an amateur HOBe of Trog (D:3)
  2 howler monkeys (D:4)
  2 hounds (D:4)
  8 gnolls
  3 adders
  An ooze (D:4)
  An adder skeleton (D:4)
  3 worms
  2 dart slugs
  A leopard gecko (D:2)
  An orc (D:3)
  2 ball pythons (D:3)
  3 giant cockroaches
  4 goblins
  8 hobgoblins
  11 kobolds
  2 quokkas
  6 bats
  6 frilled lizards
  6 rats
  A spectral orc (D:2)
75 creatures vanquished.

Notes
Turn   | Place    | Note
-------+----------+-------------------------------------------
     0 | D:1      | nikopol the Gargoyle Berserker began the quest for the Orb.
     0 | D:1      | Reached XP level 1. HP: 14/14 MP: 1/1
   125 | D:1      | Reached XP level 2. HP: 13/19 MP: 2/2
   309 | D:1      | Reached XP level 3. HP: 23/23 MP: 3/3
  1228 | D:2      | Reached ** piety under Trog
  1324 | D:2      | Noticed Sigmund
  1338 | D:2      | Killed Sigmund
  1338 | D:2      | Reached XP level 4. HP: 11/30 MP: 4/4
  1338 | D:2      | Reached XP level 5. HP: 13/34 MP: 5/5
  1655 | D:2      | Found a glowing golden altar of the Shining One.
  1748 | D:2      | Found a basalt altar of Yredelemnul.
  1936 | D:3      | Found a faded altar of an unknown god.
  2074 | D:3      | Reached XP level 6. HP: 37/39 MP: 6/6
  2239 | D:3      | Noticed Pasabolo's ghost (amateur HOBe)
  2251 | D:3      | Killed Pasabolo's ghost
  2564 | D:3      | Reached skill level 5 in Fighting
  2731 | D:4      | Reached XP level 7. HP: 37/44 MP: 7/7
  2831 | D:4      | Reached *** piety under Trog
  2880 | D:4      | Reached skill level 5 in Armour
  3038 | D:4      | Found Douc's Distillery.
  3061 | D:4      | Noticed TotoDurand's ghost (novice TrCK)
  3077 | D:4      | HP: 1/66 [TotoDurand's ghost (11)]
  3078 | D:4      | Slain by TotoDurand's ghost

Skill      XL: |  1  2  3  4  5  6  7 |
---------------+----------------------+-----
Axes           | 3 4 |  4.4
Armour         | 3 4 5 |  5.0
Fighting       | 4 5 |  5.3
Dodging        | 2 3 |  3.4

Action                   |  1- 3 |  4- 6 |  7- 9 || total
-------------------------+-------+-------+-------++-------
Melee: Hand axe          |    98 |   127 |    80 ||   305
Invok: Berserk           |     1 |     1 |     2 ||     4
Evoke: Wand              |       |       |     1 ||     1
  Eat: Chunk             |     1 |     7 |     2 ||    10
Armor: Ring mail         |    23 |    59 |    24 ||   106
       Animal skin       |     1 |       |       ||     1
Dodge: Dodged            |    45 |    94 |    69 ||   208
